 Dungeon Crawl Stone Soup version 0.23.2-1-ga50397a6bc (webtiles) character file.

Game seed: 6465485916446182332

48 Foic the Grave Robber (level 3, -2/16 HPs)
             Began as a Vine Stalker Necromancer on May 26, 2019.
             Killed by nerve-wracking pain
             ... invoked by Jessica
              (9 damage)
             ... on level 2 of the Dungeon.
             The game lasted 00:06:40 (2353 turns).

Foic the Grave Robber (Vine Stalker Necromancer)    Turns: 2353, Time: 00:06:40

Health: -2/16      AC:  5    Str: 10    XL:     3   Next: 72%
Magic:  0/8        EV: 12    Int: 16    God:
Gold:   91         SH:  0    Dex: 14    Spells: 3/8 levels left

rFire    . . .     SeeInvis .   h - +0 dagger
rCold    . . .     Gourm    .   (no shield)
rNeg     . . .     Faith    .   a - +0 robe
rPois    .         Spirit   +   (no helmet)
rElec    .         Reflect  .   (no cloak)
rCorr    .         Harm     .   b - +2 pair of gloves
MR       .....                  (no boots)
Stlth    ++........             (no amulet)
HPRegen  0.05/turn              (no ring)
MPRegen  0.11/turn              (no ring)

@: no status effects
A: fangs 2, magic shield, antimagic bite, no potion heal 3, rot immunity
a: no special abilities


You were on level 2 of the Dungeon.
You were not hungry.

You visited 1 branch of the dungeon, and saw 2 of its levels.

You collected 91 gold pieces.

Inventory:

Hand Weapons
 f - a +0 short sword
 h - a +0 dagger (weapon)
Armour
 a - a +0 robe (worn)
 b - a +2 pair of gloves (worn)
Jewellery
 j - an uncursed ring of flight
Scrolls
 e - 2 scrolls of remove curse {unknown}
 g - 3 scrolls of amnesia {unknown}
Potions
 d - a potion of might {unknown}
Comestibles
 c - 5 rations
 i - 4 chunks of flesh


   Skills:
 * Level 1.7 Dodging
 * Level 2.8 Stealth
 * Level 3.1 Spellcasting
 + Level 4.5 Necromancy


You had 3 spell levels left.
You knew the following spells:

 Your Spells              Type           Power        Failure   Level  Hunger
a - Pain                  Necr           ###.         3%          1    None
b - Animate Skeleton      Necr           N/A          3%          1    None
c - Vampiric Draining     Necr           ###.......   9%          3    ###....

Your spell library contained the following spells:

 Spells                   Type           Power        Failure   Level  Hunger
 Regeneration             Chrm/Necr      #.........   22%         3    ###....
 Animate Dead             Necr           N/A          28%         4    ####...


Dungeon Overview and Level Annotations

Branches:
Dungeon (2/15)

Altars:
Vehumet

Annotations:
D:2 Jessica


Innate Abilities, Weirdness & Mutations

You have extremely sharp teeth.
When hurt, damage is shared between your health and your magic reserves.
Your bite disrupts and absorbs the magic of your enemies.
Potions cannot restore your health.
You are immune to rotting.


Message History

You hit Jessica but do no damage. Your bite misses Jessica.
Jessica is heavily wounded.
Jessica hits you with a +0 club.
You barely miss Jessica.
Jessica is heavily wounded.
Jessica shouts, "Stop bothering me, or I'll kill you!"
Jessica hits you but does no damage.
You barely miss Jessica. You bite Jessica, but do no damage.
Jessica is heavily wounded.
Jessica gestures at you while chanting. Pain shoots through your body!
Casting: Vampiric Draining (safe; 9% risk of failure)
Confirm with . or Enter, or press ? or * to list all spells.
You don't have enough magic to cast that spell.
You hit Jessica but do no damage.
Jessica is heavily wounded.
Jessica points at you and mumbles some strange words.
Pain shoots through your body!
Ouch! That really hurt!
You die...

#.####.#
#..........## #.# ..
. #...........# #.#
...##. #...#...#...#
... ......####
#..###.###..#
.....####...#...#...#
#............_)....#
#..####...#...#...#
#@## #..###.###..#
#.@###...#...#...#
##...............#
#......#####....#
#......# #####
#......# #......#
#......# #......#
########


You could see Jessica.

Vanquished Creatures
  2 adders
  3 dart slugs
  A leopard gecko (D:1)
  A giant cockroach (D:1)
  2 hobgoblins
  2 kobolds (D:1)
  A quokka (D:2)
  3 bats
  6 goblins
  A rat (D:1)
22 creatures vanquished.

Notes
Turn   | Place    | Note
-------+----------+-------------------------------------------
     0 | D:1      | Foic the Vine Stalker Necromancer began the quest for the
                  | Orb.
     0 | D:1      | Reached XP level 1. HP: 9/9 MP: 4/4
     2 | D:1      | Learned a level 1 spell: Animate Skeleton
   328 | D:1      | Reached XP level 2. HP: 9/13 MP: 0/6
  1743 | D:1      | Reached XP level 3. HP: 1/16 MP: 2/8
  1748 | D:1      | Learned a level 3 spell: Vampiric Draining
  2314 | D:2      | Found a radiant altar of Vehumet.
  2343 | D:2      | Noticed Jessica
  2353 | D:2      | Killed from afar by Jessica

Skill      XL: |  1  2  3 |
---------------+----------+-----
Spellcasting   | 3 |  3.1
Dodging        | |  1.7
Stealth        | |  2.8
Necromancy     | |  4.5

Action                   || total
-------------------------++-------
Melee: Unarmed           ||     2
       Dagger            ||    15
       Bite              ||     5
       Short sword       ||     2
 Cast: Pain              ||    51
       Vampiric Draining ||     1
 Stab: Sleeping          ||     2
  Eat: Chunk             ||     5
Armor: Robe              ||     8
Dodge: Dodged            ||    25
